 Dungeon Crawl Stone Soup version 0.30-a0-1035-g38d5fb2972 (webtiles) character file.

Game seed: 9046622802884843623

121 jtron the Thrower (level 5, 0/40 HPs)
             Began as a Gnoll Wanderer on Apr 9, 2023.
             Succumbed to poison (dark miasma)
             ... on level 3 of the Dungeon.
             The game lasted 00:05:43 (1721 turns).

jtron the Thrower (Gnoll Wanderer)                  Turns: 1721, Time: 00:05:43

Health: 0/40       AC:  7    Str:  9    XL:     5   Next: 5%
Magic:  7/7        EV: 12    Int: 11    God:
Gold:   121        SH:  5    Dex: 16    Spells: 6/6 levels left

rFire   . . .      SeeInvis .    a - +0 falchion
rCold   . . .      Faith    .    (no shield)
rNeg    . . .      Spirit   .    x - +0 steam dragon scales
rPois   .          Reflect  +    l - +0 helmet
rElec   .          Rampage  .    (no cloak)
rCorr   .                        (no gloves)
Will    .....                    (no boots)
Stlth   ++                       n - amulet of reflection
HPRegen 0.26/turn                (no ring)
MPRegen 0.10/turn                (no ring)

@: lethally poisoned (0 -> -33), slowed, wreathed by umbra, very slow
A: fangs 1, strong nose, distributed training
a: no special abilities


You were on level 3 of the Dungeon.
You visited 1 branch of the dungeon, and saw 3 of its levels.

You collected 121 gold pieces.

Inventory:

Hand Weapons
 a - a +0 falchion (weapon)
 c - a +2 dagger
 e - a +3 quarterstaff of chaos
 j - a +4 dagger
 p - a +0 sling
 w - the +0 hammer of Iconoclasm {venom, Str+2 Stlth+}
   (You found it on level 2 of the Dungeon)

   Str:       It affects your strength (+2).
   Stlth:     It makes you more stealthy.
Missiles
 b - 3 curare-tipped darts
 s - 12 stones
 u - 6 poisoned darts (quivered)
Armour
 l - a +0 helmet (worn)
 v - a +2 cloak
 x - +0 steam dragon scales (worn)
Jewellery
 g - an amulet of magic regeneration
 n - an amulet of reflection (around neck)
Wands
 f - a wand of digging (6)
Scrolls
 d - 2 scrolls of fog
 h - a scroll of enchant armour {unknown}
 r - a scroll of vulnerability {unknown}
Potions
 k - a potion of invisibility {unknown}
 m - 2 potions of curing
 o - a potion of flight {unknown}
 q - 3 potions of lignification


   Skills:
 + Level 2.9 Fighting
 + Level 1.4 Short Blades
 + Level 4.7 Long Blades
 + Level 1.4 Axes
 + Level 1.4 Maces & Flails
 + Level 1.4 Polearms
 + Level 1.4 Staves
 + Level 1.4 Ranged Weapons
 + Level 8.6 Throwing
 + Level 6.6 Armour
 + Level 1.4 Dodging
 + Level 1.4 Stealth
 + Level 1.4 Shields
 + Level 1.4 Unarmed Combat
 + Level 1.4 Spellcasting
 + Level 1.1 Conjurations
 + Level 1.1 Hexes
 + Level 1.1 Summonings
 + Level 1.1 Necromancy
 + Level 1.1 Translocations
 + Level 1.1 Transmutations
 + Level 1.1 Fire Magic
 + Level 1.1 Ice Magic
 + Level 1.1 Air Magic
 + Level 1.1 Earth Magic
 + Level 1.1 Poison Magic
 + Level 1.5 Invocations
 + Level 1.4 Evocations


You had 6 spell levels left.
You didn't know any spells.
Your spell library contained the following spells:

 Spells                   Type           Power      Damage    Failure   Level
 Cigotuvi's Dreadful Rot  Necr/Pois/Air  6%         N/A       30%         2
 Dispel Undead            Necr           3%         3d7       89%         4
 Death Channel            Necr           1%         N/A       100%        6


Dungeon Overview and Level Annotations

Branches:
Dungeon (3/15)

Altars:
Nemelex Xobeh
Yredelemnul
Zin
The Shining One

Shops:
D:1 *


Innate Abilities, Weirdness & Mutations

You have very sharp teeth.
Your uncanny sense of smell can sniff out nearby items.
Your experience applies equally to all skills.


Message History

Found a scroll labelled RUJUFU TA DAHA.
Found a basalt altar of Yredelemnul.
The frilled lizard hisses angrily.
There is an open door here.
The frilled lizard bites you but does no damage.
You miss the frilled lizard. You block the frilled lizard's attack.
You miss the frilled lizard. The frilled lizard barely misses you.
You hit the frilled lizard.
You kill the frilled lizard!
No reachable target in view!
No reachable target in view!
There is an open door here.
You see here a ball python skeleton.
You open the door.
A bat and a ball python come into view.
Found a glowing golden altar of the Shining One.
You see here a ball python skeleton.
The bat closely misses you. The bat misses you.
There is an open door here.
The bat closely misses you.
You see here a frilled lizard corpse.
The bat closely misses you.
You hit the bat.
You kill the bat!
Press: ? - help, v - describe, . - travel The floor.
This square is wreathed by an umbra.
Really walk into that cloud of foul pestilence?
Really walk into a travel-excluded area?
You are engulfed in dark miasma.
You are poisoned.
You feel yourself slow down.
You feel very sick.
You see here a scroll labelled RUJUFU TA DAHA.
h - a scroll labelled RUJUFU TA DAHA You are engulfed in dark miasma.
You are lethally poisoned!
* * * LOW HITPOINT WARNING * * *
You feel extremely sick.
You die...

#### ####..# #..+..######
#.##..###A## #######.##..######
#.....#.##..##§.§#
#.###.#.##..##._@#
#........#..##§†§# ##
#..#####....##.†.# .
#.##._.##..###§.§# ###
#..##'##..## #...# #<.
#.........#####'#################
#.8.....8...#.....#....... ..#
#...8.8..##.[..÷....########.#
........)...#.....#........>.####


You could see a profane servitor.

Vanquished Creatures
  Crazy Yiuf (D:2)
  Terence (D:3)
  A worm (D:2)
  2 dart slugs (D:1)
  An orc (D:3)
  3 endoplasms
  3 giant cockroaches
  7 goblins
  7 hobgoblins
  3 jackals (D:2)
  A kobold (D:1)
  2 quokkas
  5 ball pythons
  4 bats
  15 frilled lizards
  2 rats
58 creatures vanquished.

Notes
Turn   | Place    | Note
-------+----------+-------------------------------------------
     0 | D:1      | jtron the Gnoll Wanderer began the quest for the Orb.
     0 | D:1      | jtron set off with the following items: a +2 dagger, 3
                  | curare-tipped darts, a +0 falchion, a scroll of fog, a
                  | potion of berserk rage, a +0 robe.
     0 | D:1      | Reached XP level 1. HP: 17/17 MP: 1/1
   110 | D:1      | Reached XP level 2. HP: 23/23 MP: 2/2
   241 | D:1      | Found Ulamas's Assorted Antiques.
   305 | D:1      | Reached XP level 3. HP: 13/28 MP: 3/3
   531 | D:1      | Reached skill level 1 in Invocations
   921 | D:2      | Reached skill level 1 in Short Blades
   921 | D:2      | Reached skill level 1 in Axes
   921 | D:2      | Reached skill level 1 in Maces & Flails
   921 | D:2      | Reached skill level 1 in Polearms
   921 | D:2      | Reached skill level 1 in Staves
   921 | D:2      | Reached skill level 1 in Ranged Weapons
   921 | D:2      | Reached skill level 1 in Dodging
   921 | D:2      | Reached skill level 1 in Stealth
   921 | D:2      | Reached skill level 1 in Shields
   921 | D:2      | Reached skill level 1 in Unarmed Combat
   921 | D:2      | Reached skill level 1 in Spellcasting
   921 | D:2      | Reached skill level 1 in Evocations
  1163 | D:2      | Found a runed translucent door.
  1164 | D:2      | Noticed Crazy Yiuf
  1272 | D:2      | Reached XP level 4. HP: 34/34 MP: 5/5
  1328 | D:2      | Killed Crazy Yiuf
  1329 | D:2      | Reached skill level 1 in Conjurations
  1329 | D:2      | Reached skill level 1 in Hexes
  1329 | D:2      | Reached skill level 1 in Summonings
  1329 | D:2      | Reached skill level 1 in Necromancy
  1329 | D:2      | Reached skill level 1 in Translocations
  1329 | D:2      | Reached skill level 1 in Transmutations
  1329 | D:2      | Reached skill level 1 in Fire Magic
  1329 | D:2      | Reached skill level 1 in Ice Magic
  1329 | D:2      | Reached skill level 1 in Air Magic
  1329 | D:2      | Reached skill level 1 in Earth Magic
  1329 | D:2      | Reached skill level 1 in Poison Magic
  1334 | D:2      | Identified the +0 hammer of Iconoclasm {venom, Str+2
                  | Stlth+}
  1442 | D:3      | Found a sparkling altar of Nemelex Xobeh.
  1600 | D:3      | Noticed Terence
  1637 | D:3      | Killed Terence
  1638 | D:3      | Reached XP level 5. HP: 37/40 MP: 5/7
  1672 | D:3      | Found a glowing silver altar of Zin.
  1697 | D:3      | Found a basalt altar of Yredelemnul.
  1699 | D:3      | Noticed a profane servitor
  1709 | D:3      | Found a glowing golden altar of the Shining One.
  1721 | D:3      | Succumbed to poison (dark miasma)

Illustrated notes

Levels and vault maps discovered:
D:1:      roderic_crossed_star, layout_basic, serial_shops,
          nicolae_shop_competitors_out_of_business, minmay_lizard_pond
D:2:      layout_rooms, uniq_crazy_yiuf_cottage
D:3:      layout_basic, grunt_temple_overflow_holy_war,
          mainiacjoe_overflow_tiny_flanked, zin_statuary,
          shapermc_ecumenical_altar_totnotflames, uniq_terence

Skill      XL: |  1  2  3  4 |
---------------+-------------+-----
Invocations    | 1 |  1.5
Short Blades   | 1 |  1.4
Axes           | 1 |  1.4
Maces & Flails | 1 |  1.4
Polearms       | 1 |  1.4
Staves         | 1 |  1.4
Ranged Weapons | 1 |  1.4
Dodging        | 1 |  1.4
Stealth        | 1 |  1.4
Shields        | 1 |  1.4
Unarmed Combat | 1 |  1.4
Spellcasting   | 1 |  1.4
Evocations     | 1 |  1.4
Conjurations   | 1 |  1.1
Hexes          | 1 |  1.1
Summonings     | 1 |  1.1
Necromancy     | 1 |  1.1
Translocations | 1 |  1.1
Transmutations | 1 |  1.1
Fire Magic     | 1 |  1.1
Ice Magic      | 1 |  1.1
Air Magic      | 1 |  1.1
Earth Magic    | 1 |  1.1
Poison Magic   | 1 |  1.1
Fighting       | |  2.9
Long Blades    | |  4.7
Throwing       | |  8.6
Armour         | |  6.6

Action                     |  1- 3 |  4- 6 || total
---------------------------+-------+-------++-------
  Melee: Falchion          |   131 |    35 ||   166
         Bite              |    14 |     2 ||    16
  Throw: Stone             |     1 |       ||     1
         Dart              |       |     2 ||     2
    Use: Scroll            |       |     3 ||     3
         Potion            |       |     1 ||     1
   Stab: Sleeping          |     2 |       ||     2
 Armour: Robe              |    10 |       ||    10
         Leather armour    |    14 |       ||    14
         Steam dragon scal |       |     3 ||     3
  Dodge: Dodged            |    68 |    18 ||    86
  Block: Other             |    12 |     8 ||    20

Table legend: (Time is in decaauts)
 A = Elapsed time spent in this place.
 B = Non-inter-level travel time spent in this place.
 C = Inter-level travel time spent in this place.
 D = Time resting spent in this place.
 E = Time spent auto-exploring this place.
 F = Levels seen in this place.
 G = Mean time per level.
                   A        B        C        D        E       F      G
               +--------+--------+--------+--------+--------+-----+--------+
         Total |   1738 |   1694 |     44 |    164 |    998 |   3 |  579.3 |
       Dungeon |   1738 |   1694 |     44 |    164 |    998 |   3 |  579.3 |
               +--------+--------+--------+--------+--------+-----+--------+

Top non-repeatable levels by time:
     D:1: 749 daAuts
     D:2: 695 daAuts
     D:3: 293 daAuts
